 Dungeon Crawl Stone Soup version 0.30-a0-1008-g30c9307041 (webtiles) character file.

Game seed: 6857286975056970975

12989 Maxmaps the Basher (level 11, 0/75 HPs)
             Began as a Demonspawn Monk on Apr 5, 2023.
             Was an Initiate of Gozag.
             Slain by a cyclops (13 damage)
             ... on level 10 of the Dungeon.
             The game lasted 00:15:18 (8907 turns).

Maxmaps the Basher (Demonspawn Monk)                Turns: 8907, Time: 00:15:20

Health: 0/75       AC: 25    Str: 12    XL:     11   Next: 69%
Magic:  11/11      EV: 10    Int: 16    God:    Gozag
Gold:   638        SH:  4    Dex: 17    Spells: 10/10 levels left

rFire   + + .      SeeInvis .    n - +9 mace of Plunder {venom, Drain rElec rPois rC+}
rCold   . . .      Faith    .    (no shield)
rNeg    . . .      Spirit   .    t - +0 fire dragon scales
rPois   +          Reflect  .    (helmet restricted)
rElec   +          Rampage  .    J - +2 cloak
rCorr   .                        M - +2 pair of gloves {Stlth+}
Will    .....                    (no boots)
Stlth   +                        D - amulet of regeneration
HPRegen 1.12/turn                (no ring)
MPRegen 0.12/turn                z - ring "Ofag" {rPois AC+4 Dex+2}

@: gold aura
A: horns 2, thin metallic scales 2, spiny 1, condensation shield
a: Renounce Religion, Potion Petition, Call Merchant, Bribe Branch


You were on level 10 of the Dungeon.
You worshipped Gozag.
Gozag was pleased with you.
You visited 2 branches of the dungeon, and saw 12 of its levels.
You also visited: Bailey.

You collected 3312 gold pieces.
You spent 1170 gold pieces at shops.
You paid 1504 gold pieces to Gozag.

Inventory:

Hand Weapons
 n - the +9 mace of Plunder (weapon) {venom, Drain rElec rPois rC+}
   (You found it on level 2 of the Dungeon)

   rC:        It protects you from cold.
   rElec:     It insulates you from electricity.
   rPois:     It protects you from poison.
   Drain:     It drains your maximum health when unequipped.
 L - a +2 great mace of protection
Missiles
 b - a throwing net (quivered)
Armour
 t - +0 fire dragon scales (worn)
 J - a +2 cloak (worn)
 M - a +2 pair of gloves of stealth (worn)
Jewellery
 z - the ring "Ofag" (right hand) {rPois AC+4 Dex+2}
   (You found it on level 5 of the Dungeon)

   [ring of protection]

   AC:        It affects your AC (+4).
   Dex:       It affects your dexterity (+2).
   rPois:     It protects you from poison.
 D - an amulet of regeneration (around neck)
 E - a ring of poison resistance
Wands
 c - a wand of polymorph (9)
 u - a wand of quicksilver (5)
 x - a wand of charming (9)
 C - a wand of iceblast (8)
 G - a wand of flame (25)
Scrolls
 i - 2 scrolls of teleportation
 j - 2 scrolls of poison
 o - a scroll of magic mapping
 p - a scroll of vulnerability
 s - 6 scrolls of identify
 v - 4 scrolls of fog
 y - a scroll of enchant weapon
 I - a scroll of amnesia
 K - a scroll of blinking
Potions
 a - 2 potions of magic
 d - 2 potions of flight
 f - 2 potions of berserk rage
 g - 6 potions of might
 h - 5 potions of mutation
 k - 2 potions of haste
 l - 8 potions of curing
 m - 5 potions of brilliance
 q - a potion of lignification {unknown}
 r - 5 potions of attraction
 w - 6 potions of invisibility
 B - 3 potions of degeneration {unknown}
 F - 3 potions of heal wounds
Miscellaneous
 A - a tin of tremorstones (2/2)


   Skills:
 - Level 3.0 Fighting
 - Level 14.5 Maces & Flails
 + Level 8.9 Armour
 - Level 3.1 Dodging
 - Level 1.7 Stealth
 - Level 3.3 Unarmed Combat


You had 10 spell levels left.
You didn't know any spells.
Your spell library contained the following spells:

 Spells                   Type           Power      Damage    Failure   Level
 Poisonous Vapours        Pois/Air       0%         N/A       90%         2
 Frozen Ramparts          Ice            0%         1d1       99%         3
 Inner Flame              Hex/Fire       0%         N/A       99%         3
 Mephitic Cloud           Conj/Pois/Air  0%         N/A       99%         3
 Ozocubu's Armour         Ice            0%         N/A       99%         3
 Flame Wave               Conj/Fire      0%         2d4       100%        4
 Ice Form                 Ice/Tmut       0%         N/A       100%        4
 Sticky Flame             Conj/Fire      0%         2d3       100%        4
 Summon Ice Beast         Ice/Summ       0%         N/A       100%        4
 Freezing Cloud           Conj/Ice/Air   0%         6-21      100%        5
 Ozocubu's Refrigeration  Ice            0%         4d7       100%        7


Dungeon Overview and Level Annotations

Branches:
Dungeon (11/15)            Temple (1/1) D:4            Lair (0/5) D:8
 Bailey (visited)
    Orc: D:9-12

Altars:
Ashenzari
Cheibriados
Dithmenos
Fedhas
Gozag
Hepliaklqana
Kikubaaqudgha
Makhleb
Nemelex Xobeh
Okawaru
Qazlal
Ru
Sif Muna
Trog
Uskayaw
Vehumet
Wu Jian
Xom
Yredelemnul

Shops:
D:7 =**   D:10 (=[

Annotations:
D:5 2 runed translucent doors


Innate Abilities, Weirdness & Mutations

You have a pair of horns on your head.
You are mostly covered in thin metallic scales. (AC +3)
You are partially covered in sharp spines.
A meltable shield of frost defends you. (SH +4)


Message History

You are too injured to fight recklessly!
You are too injured to fight recklessly!
You are too injured to fight recklessly!
You are too injured to fight recklessly!
You are too injured to fight recklessly!
You are too injured to fight recklessly!
You are too injured to fight recklessly!
You are too injured to fight recklessly!
You are too injured to fight recklessly!
You are too injured to fight recklessly!
You are too injured to fight recklessly!
You are too injured to fight recklessly!
You are too injured to fight recklessly!
You are too injured to fight recklessly!
Unknown command.
You are too injured to fight recklessly!
You hit the cyclops but do no damage.
The cyclops is poisoned.
You headbutt the cyclops, but do no damage.
The cyclops is lightly wounded.
The yak gores you but does no damage.
You hit the cyclops but do no damage.
The cyclops looks even sicker.
The cyclops is lightly wounded.
The cyclops is struck by your spines.
The cyclops hits you but does no damage.
You hit the cyclops.
The cyclops is moderately wounded.
The yak is struck by your spines. The yak gores you but does no damage.
You sock the cyclops!
The cyclops looks as sick as possible!
The cyclops is heavily wounded.
The yak gores you but does no damage. The cyclops hits you!!
* * * LOW HITPOINT WARNING * * *
You barely miss the cyclops.
The cyclops is heavily wounded.
You sock the yak!
The yak looks as sick as possible!
The yak is almost dead.
The yak gores you!
* * * LOW HITPOINT WARNING * * *
The cyclops hits you!
You die...
Your body crumbles into a pile of gold.

.# #..........# #.# ### .##
######.##### #.# # ..#
######..#### ##'###### #.###
#..........# #.......# ....#
#..........#####.......#
....####..........'...#.......#
.......#..........###.#.......#
....##.#.......C.Y#
#.'.......###
....##.'.......$@.#
###.......#..
....####........$.# #.))....'.#
....# ########'### #.......###
##### ###.# #####'### #...#
#..# ##.### ####'### #..#
#......# ######'#### #......#
#######.........# #......# #


You could see a cyclops (extremely poisoned) and a yak (extremely poisoned).

Vanquished Creatures
  A boulder beetle (D:8)
  2 two-headed ogres (D:10)
  Urug (D:10)
  Nergalle (D:10)
  Maurice (D:10)
  Maggie (D:8)
  An ice statue (D:9)
  Sigmund (D:2)
  27 yaks
  A wraith (D:10)
  A water moccasin (D:7)
  An ice beast (D:6)
  Duvessa (D:5)
  3 orc warriors
  2 black bears (D:5)
  2 ogres (D:5)
  3 centaurs
  3 phantoms
  3 kobold brigands
  4 bullfrogs
  3 scorpions
  14 wights
  Dowan (D:5)
  16 killer bees
  A howler monkey (D:5)
  A hound (D:7)
  4 orc priests
  A gnoll bouda (D:4)
  An iron imp (D:8)
  3 jellies
  Jessica (D:2)
  5 iguanas
  Terence (D:2)
  7 orc wizards
  A sleepcap (D:7)
  14 gnolls
  3 adders
  2 white imps
  An ufetubus (D:5)
  A worm (D:4)
  6 dart slugs
  46 orcs
  2 endoplasms
  2 giant cockroaches (D:1)
  10 goblins
  8 hobgoblins
  7 jackals
  5 quokkas
  6 ball pythons
  7 bats
  6 frilled lizards
  17 kobolds
  8 rats
271 creatures vanquished.

Vanquished Creatures (collateral kills)
  An obsidian statue (D:9)
1 creature vanquished.

Vanquished Creatures (others)
  A plant (D:3)
1 creature vanquished.

Grand Total: 273 creatures vanquished

Notes
Turn   | Place    | Note
-------+----------+-------------------------------------------
     0 | D:1      | Maxmaps the Demonspawn Monk began the quest for the Orb.
     0 | D:1      | Reached XP level 1. HP: 18/18 MP: 1/1
    83 | D:1      | Gained mutation: You have a pair of small horns on your
                  | head. [demonic ancestry]
    83 | D:1      | Reached XP level 2. HP: 24/24 MP: 2/2
   530 | D:1      | Gained mutation: You have a pair of horns on your head.
                  | [demonic ancestry]
   530 | D:1      | Reached XP level 3. HP: 29/29 MP: 3/3
   733 | D:2      | Identified the +9 mace of Plunder {venom, Drain rElec rPois
                  | rC+}
   758 | D:2      | Reached skill level 1 in Armour
   763 | D:2      | HP: 1/29 [orc/+0 trident (6)]
   776 | D:2      | Gained mutation: You are partially covered in thin metallic
                  | scales. (AC +2) [demonic ancestry]
   776 | D:2      | Reached XP level 4. HP: 32/35 MP: 4/4
   826 | D:2      | Noticed Sigmund
   852 | D:2      | Killed Sigmund
   853 | D:2      | Reached XP level 5. HP: 24/41 MP: 5/5
  1017 | D:2      | Noticed Terence
  1023 | D:2      | Killed Terence
  1024 | D:2      | Reached skill level 1 in Maces & Flails
  1059 | D:2      | Gained mutation: A meltable shield of frost defends you.
                  | (SH +4) [demonic ancestry]
  1059 | D:2      | Reached XP level 6. HP: 47/47 MP: 6/6
  1505 | D:2      | Noticed Jessica
  1507 | D:2      | Killed Jessica
  1508 | D:2      | Reached skill level 2 in Maces & Flails
  1924 | D:3      | Found a sacrificial altar of Ru.
  1961 | D:3      | HP: 1/47 [orc priest/divine providence (10)]
  2320 | D:3      | Found a basalt altar of Yredelemnul.
  2533 | D:4      | Reached skill level 3 in Maces & Flails
  2567 | D:4      | Found a staircase to the Ecumenical Temple.
  2597 | Temple   | Entered the Ecumenical Temple
  2597 | Temple   | Found a transporter.
  2597 | Temple   | Found a transporter.
  2599 | Temple   | Found a transporter.
  2599 | Temple   | Found a transporter.
  2618 | Temple   | Became a worshipper of Gozag Ym Sagoz the Greedy
  2713 | D:4      | Found a radiant altar of Vehumet.
  2874 | D:4      | Reached skill level 4 in Maces & Flails
  2874 | D:4      | Reached XP level 7. HP: 18/52 MP: 7/7
  3025 | D:4      | Found a shadowy altar of Dithmenos.
  3143 | D:5      | Entered Level 5 of the Dungeon
  3143 | D:5      | You fall into a shaft and drop 1 floor!
  3143 | D:6      | Found a hide-covered altar of Uskayaw.
  3312 | D:5      | Reached skill level 5 in Maces & Flails
  3584 | D:5      | Reached skill level 6 in Maces & Flails
  3620 | D:5      | Noticed Dowan
  3620 | D:5      | Noticed Duvessa
  3629 | D:5      | Killed Duvessa
  3630 | D:5      | Gained mutation: You are partially covered in sharp spines.
                  | [demonic ancestry]
  3630 | D:5      | Reached XP level 8. HP: 35/58 MP: 8/8
  3632 | D:5      | Killed Dowan
  3938 | D:5      | Found a large runed translucent door.
  3938 | D:5      | Found a large runed translucent door.
  3954 | D:5      | Reached skill level 7 in Maces & Flails
  4009 | D:5      | Found a large runed translucent door.
  4009 | D:5      | Found a large runed translucent door.
  4057 | D:5      | Reached skill level 8 in Maces & Flails
  4218 | D:5      | Reached skill level 9 in Maces & Flails
  4225 | D:5      | Identified the ring "Ofag" {rPois AC+4 Dex+2}
  4768 | D:6      | Gained mutation: You are mostly covered in thin metallic
                  | scales. (AC +3) [demonic ancestry]
  4768 | D:6      | Reached XP level 9. HP: 63/63 MP: 9/9
  5225 | D:7      | Reached skill level 10 in Maces & Flails
  5259 | D:7      | Found Bosirr's Jewellery Shoppe.
  5278 | D:7      | Bought an amulet of regeneration for 330 gold pieces
  5283 | D:7      | Bought a ring of poison resistance for 220 gold pieces
  5313 | D:7      | Found Cinn's Assorted Antiques.
  5328 | D:7      | Found a broken altar of Ashenzari.
  5370 | D:7      | Bought a white potion for 26 gold pieces
  5370 | D:7      | Bought a wooden wand for 116 gold pieces
  5373 | D:7      | Found Ozuixz Xune's Assorted Antiques.
  5376 | D:7      | Bought 2 fuming inky potions for 43 gold pieces
  5376 | D:7      | Bought a scroll of identify for 48 gold pieces
  5438 | D:7      | Identified the +2 flail of Xacvisaps {antimagic, rElec}
  5725 | D:7      | Found a shimmering blue altar of Sif Muna.
  5839 | D:8      | Noticed a boulder beetle
  5855 | D:8      | Killed a boulder beetle
  5856 | D:8      | Reached skill level 11 in Maces & Flails
  5871 | D:8      | Found an iron altar of Okawaru.
  6000 | D:8      | Reached skill level 12 in Maces & Flails
  6000 | D:8      | Reached XP level 10. HP: 66/68 MP: 10/10
  6000 | D:8      | Noticed Maggie
  6025 | D:8      | Killed Maggie
  6079 | D:8      | Reached skill level 13 in Maces & Flails
  6110 | D:8      | Found a staircase to the Lair.
  6170 | D:8      | Found an ornate altar of the Wu Jian Council.
  6259 | D:8      | Found an ancient bone altar of Kikubaaqudgha.
  6502 | D:8      | Found a snail-covered altar of Cheibriados.
  6721 | D:8      | Identified a scroll of acquirement
  6721 | D:8      | Acquired 1083 gold pieces
  6746 | D:9      | Noticed an obsidian statue
  6787 | D:9      | Found a flagged portal.
  6816 | Bailey   | Entered a bailey
  7369 | D:9      | Reached skill level 14 in Maces & Flails
  7617 | D:9      | Noticed an ice statue
  7797 | D:9      | HP: 3/70 [ice statue] (9)]
  7860 | D:9      | Noticed an orange demon
  7862 | D:9      | Killed an obsidian statue
  7863 | D:9      | Reached XP level 11. HP: 75/75 MP: 11/11
  8051 | D:10     | Entered Level 10 of the Dungeon
  8131 | D:10     | Found Kyilyxt's Weapon Emporium.
  8178 | D:10     | Found a hazy altar of Hepliaklqana.
  8270 | D:10     | Noticed a two-headed ogre
  8272 | D:10     | Noticed a two-headed ogre
  8287 | D:10     | Killed a two-headed ogre
  8288 | D:10     | Reached skill level 5 in Armour
  8290 | D:10     | Killed a two-headed ogre
  8367 | D:10     | Noticed Nergalle
  8381 | D:10     | Killed Nergalle
  8481 | D:10     | Noticed Urug
  8502 | D:10     | Killed Urug
  8516 | D:10     | Bought a pair of runed gloves for 187 gold pieces
  8516 | D:10     | Bought an embroidered scarf for 200 gold pieces
  8641 | D:10     | Noticed Maurice
  8652 | D:10     | Killed Maurice
  8907 | D:10     | Slain by a cyclops

Illustrated notes

Levels and vault maps discovered:
D:1:      minmay_arrival_five_plusses, layout_basic
D:2:      layout_loops_cross, grunt_ministairs_13, uniq_sigmund, uniq_terence,
          uniq_jessica
D:3:      layout_basic, mainiacjoe_overflow_cross_hatched,
          mainiacjoe_overflow_24_doors, st_stairs_8
D:4:      layout_layer_cave, nicolae_dithmenos_shadow_blocks, marbit_many_paths,
          minmay_temple_entry_arrows
D:5:      layout_loops_ring, minmay_hollow_rounded_squares, uniq_duvessa
D:6:      layout_loops_corners, eat_drink_and_be_merry_uskayaw
D:7:      layout_rooms, mainiacjoe_overflow_tiny_flanked, tgw_sif, serial_shops,
          kennysheep_mini, nicolae_shop_waterfront, shop
D:8:      layout_rooms, mainiacjoe_overflow_alcove_4, slow_altar_2,
          okawaru_trees_1, mainiacjoe_overflow_six_doors_small, zin_treasury,
          minmay_orc_keep, uniq_maggie
D:9:      minmay_separated_statues, layout_small_grid, enter_bailey_5
D:10:     layout_roguey, nzn_hepliaklqana_mist_gate, serial_shops,
          nicolae_diamond_shop, uniq_nergalle, uniq_urug, uniq_maurice
D:11:     layout_rooms, amcnicky_mini_pool_medium
Temple:   hellmonk_temple_divided_pantheon

Skill      XL: |  1  2  3  4  5  6  7  8  9 10 11 |
---------------+----------------------------------+-----
Unarmed Combat | 3 |  3.3
Dodging        | 3 |  3.1
Armour         | 2 4 8 |  8.9
Maces & Flails | 1 4 6 9 12 14 | 14.5
Fighting       | |  3.0
Stealth        | |  1.7

Action                     |  1- 3 |  4- 6 |  7- 9 | 10-12 || total
---------------------------+-------+-------+-------+-------++-------
  Melee: Unarmed           |    26 |       |       |       ||    26
         Rapier            |    45 |       |       |       ||    45
         Headbutt          |     2 |    18 |    40 |    91 ||   151
         Mace              |    13 |    98 |   183 |   389 ||   683
         Punch             |       |     2 |     7 |    10 ||    19
 Invoke: Call Merchant     |       |       |       |     2 ||     2
    Use: Potion            |     1 |     2 |       |     3 ||     6
         Scroll            |       |     7 |     8 |    12 ||    27
   Stab: Sleeping          |     2 |     3 |       |       ||     5
         Invisible         |       |     2 |       |       ||     2
         Distracted        |       |       |     4 |     5 ||     9
 Armour: Leather armour    |    31 |    10 |       |       ||    41
         Scale mail        |       |    29 |    30 |       ||    59
         Fire dragon scale |       |       |    45 |   151 ||   196
  Dodge: Dodged            |    72 |    58 |    60 |   126 ||   316
  Block: Other             |       |    20 |    24 |    48 ||    92

Table legend: (Time is in decaauts)
 A = Elapsed time spent in this place.
 B = Non-inter-level travel time spent in this place.
 C = Inter-level travel time spent in this place.
 D = Time resting spent in this place.
 E = Time spent auto-exploring this place.
 F = Levels seen in this place.
 G = Mean time per level.
                   A        B        C        D        E       F      G
               +--------+--------+--------+--------+--------+-----+--------+
         Total |   8841 |   8578 |    263 |    412 |   6231 |  13 |  680.1 |
       Dungeon |   8445 |   8184 |    261 |    412 |   5983 |  11 |  767.7 |
        Temple |     45 |     43 |      2 |      0 |      6 |   1 |   45.0 |
        Bailey |    350 |    350 |      0 |      0 |    242 |   1 |  350.0 |
               +--------+--------+--------+--------+--------+-----+--------+

Top non-repeatable levels by time:
     D:5: 1177 daAuts
     D:2: 964 daAuts
     D:9: 930 daAuts
     D:6: 901 daAuts
     D:8: 863 daAuts
    D:10: 803 daAuts
     D:3: 777 daAuts
     D:1: 702 daAuts
     D:4: 695 daAuts
     D:7: 617 daAuts
  Bailey: 350 daAuts
  Temple: 45 daAuts
    D:11: 12 daAuts
